AoeStats
← Negev King

Arabian Desert

508513589Analyzed
1v1 RM · 9d ago on Sep 22, 2026· 109m 50s· 2 players
Game mode
Random Map
Map size
Tiny (2 player)
Population
200
Speed
Normal
Resources
Standard
Victory
Conquest
Starting age
Dark Age
Ending age
Imperial Age
RankedLock teamsTeams togetherTeam positionsShared explorationLock speedFull tech treeHidden civsTurbo modeCheats
Victory
Defeat
🇺🇸 Britons · United States
1104
+15
🇦🇺 Bengalis · Australia
1086
-15
Negev King
10:15 Feudal Age
8:35 Loom
11:07 Double-Bit Axe
11:35 Horse Collar
12:35 Fletching
16:20 Scale Mail Armor
22:27 Castle Age
22:45 Gold Mining
24:50 Gold Shaft Mining
24:25 Town Watch
25:30 Padded Archer Armor
25:28 Bodkin Arrow
26:56 Heavy Plow
27:18 Bow Saw
28:26 Leather Archer Armor
31:05 Ballistics
35:52 Stone Mining
37:09 Wheelbarrow
36:34 Town Patrol
37:36 Scale Barding Armor
37:44 Bloodlines
38:08 Light Cavalry
39:14 Hand Cart
42:46 Imperial Age
43:39 Chain Barding Armor
43:30 Forging
45:11 Masonry
46:27 Conscription
47:03 Plate Barding Armor
47:03 Iron Casting
49:17 Elite Elephant Archer
50:02 Bracer
50:32 Ring Archer Armor
51:07 Chemistry
50:38 Architecture
51:40 Husbandry
51:31 Elite Battle Elephant
61:01 Paiks
68:22 Siege Elephant
Duke Goltana
7:01 Loom
9:59 Feudal Age
11:16 Double-Bit Axe
11:39 Horse Collar
12:44 Scale Barding Armor
13:18 Forging
21:18 Castle Age
19:17 Fletching
19:58 Padded Archer Armor
22:17 Bodkin Arrow
22:24 Husbandry
23:04 Heavy Plow
23:16 Bow Saw
24:17 Wheelbarrow
24:13 Leather Archer Armor
27:11 Hand Cart
27:27 Chain Barding Armor
32:14 Iron Casting
31:00 Light Cavalry
33:58 Elite Skirmisher
34:05 Elite Skirmisher
37:50 Ballistics
38:28 Gold Mining
42:07 Imperial Age
43:55 Chemistry
42:59 Bracer
43:27 Conscription
43:43 Conscription
44:46 Ring Archer Armor
46:04 Conscription
47:59 Elite Longbowman
51:00 Plate Barding Armor
52:05 Yeomen
52:41 Cavalier
54:43 Blast Furnace
54:40 Hoardings
63:31 Warwolf
72:40 Capped Ram
78:22 Fervor
79:07 Block Printing
86:15 Town Watch
90:05 Masonry
89:51 Murder Holes
90:07 Fortified Wall
89:45 Arrowslits
89:43 Treadmill Crane
90:09 Siege Engineers
91:20 Architecture
Connection lost

Rejoining the realm…

Still unreachable

The connection could not be restored.

Session expired

The server has moved on; the page needs a fresh start.